 Dungeon Sprint DCSS version 0.24-a0-250-g6074511092 (webtiles) character file.

Game seed: 14843905483265889785

958 Redear the Grappler (level 11, -22/107 HPs)
             Began as a Ghoul Fighter on Apr 15, 2019.
             Was the Champion of Makhleb.
             Blown up by an orb spider (shapeshifter) (45 damage)
             ... with an orb of destruction
             ... in the Dungeon (Sprint VI: "Thunderdome").
             The game lasted 00:15:51 (1056 turns).

Redear the Grappler (Ghoul Fighter)                 Turns: 1056, Time: 00:15:51

Health: -22/107    AC:  7    Str: 38    XL:     11   Next: 81%
Magic:  10/10      EV: 18    Int:  3    God:    Makhleb [******]
Gold:   51         SH:  0    Dex: 17    Spells: 10/10 levels left

rFire    x . .     SeeInvis .     - Unarmed
rCold    + + +     Gourm    .   j - +0 shield "Lyack" {*Drain rCorr Str+5} (curse)
rNeg     + + +     Faith    .   a - +0 scale mail
rPois    ∞         Spirit   .   (no helmet)
rElec    +         Reflect  .   f - -3 cloak "Vucs" {rC+ rN+ Str+3 Stlth-}
rCorr    +         Harm     .   (no gloves)
MR       .....     NoTele   +   (no boots)
Stlth    ..........             (no amulet)
HPRegen  0.00/turn              k - ring "Xyraxten" {rElec rPois rC+ Dex+3 Stlth+}
MPRegen  0.12/turn              l - ring "Yrasam" {*Drain +Inv rF- Str+9 Dex+3}

@: confused, rotting, hasted, very quick
A: rotting body, claws 1, carnivore, cold resistance 1, negative energy
resistance 3, inhibited regeneration, torment resistance, unbreathing
}: 1/15 runes: decaying
a: Minor Destruction, Lesser Servant of Makhleb, Major Destruction, Greater
Servant of Makhleb, Renounce Religion, Evoke Invisibility


You were in the Dungeon.
You worshipped Makhleb.
Makhleb was exalted by your worship.
You were not hungry.

You visited 1 branch You collected 1150 gold pieces.
You spent 1099 gold pieces at shops.

Inventory:

Armour
 a - a +0 scale mail (worn)
 b - a +0 shield
 f - the -3 cloak "Vucs" (worn) {rC+ rN+ Str+3 Stlth-}
   (You bought it in a shop in the Dungeon)

   It affects your strength (+3).
   It protects you from cold.
   It protects you from negative energy.
   It makes you less stealthy.
 j - the cursed +0 shield "Lyack" (worn) {*Drain rCorr Str+5}
   (You bought it in a shop in the Dungeon)

   It affects your strength (+5).
   It provides partial protection from all sources of acid and corrosion.
   It causes draining when unequipped.
   It has a curse placed upon it.
Jewellery
 k - the ring "Xyraxten" (left claw) {rElec rPois rC+ Dex+3 Stlth+}
   (You bought it in a shop in the Dungeon)

   [ring of poison resistance]

   It affects your dexterity (+3).
   It protects you from cold.
   It insulates you from electricity.
   It protects you from poison.
   It makes you more stealthy.
 l - the ring "Yrasam" (right claw) {*Drain +Inv rF- Str+9 Dex+3}
   (You bought it in a shop in the Dungeon)

   [ring of dexterity]

   It affects your strength (+9).
   It affects your dexterity (+3).
   It makes you vulnerable to fire.
   It lets you turn invisible.
   It causes draining when unequipped.
 m - an uncursed ring of magical power {unknown}
Scrolls
 d - 3 scrolls of fog
 B - 2 scrolls of blinking {@r4}
Potions
 c - a potion of might {Str+5 DMG+1d10 | @q3}
 e - a potion of resistance {rF+ rC+ rPois rElec rCorr}
 h - 2 potions of magic
 i - a potion of berserk rage
 H - a potion of haste {@q5}
Comestibles
 n - 2 chunks of flesh
 z - a ration


   Skills:
 + Level 13.1 Fighting
 + Level 11.2 Armour
 + Level 10.9 Dodging
 + Level 11.2 Shields
 + Level 14.0 Unarmed Combat


You had 10 spell levels left.
You didn't know any spells.
Your spell library was empty.

Dungeon Overview and Level Annotations

Branches:
Dungeon (1/1)

Altars:
Cheibriados
Dithmenos
Fedhas
Gozag
Kikubaaqudgha
Makhleb
Okawaru
Qazlal
Ru
Sif Muna
Trog
Uskayaw
Vehumet
Wu Jian
Xom
Yredelemnul
Zin
The Shining One
Beogh
Jiyva
Lugonu

Shops:
D *[%??*?*:[((!!!!


Innate Abilities, Weirdness & Mutations

Your body is rotting away.
You thrive on raw meat.
You are immune to poison.
You have sharp fingernails.
You are carnivorous and can eat meat at any time.
Your flesh is cold resistant. (rC+)
You are immune to negative energy. (rN+++)
You do not regenerate when monsters are visible.
You are immune to unholy pain and torment.
You can survive without breathing.


Message History

You're too confused to move!
The basilisk gazes at you. You resist with some effort.
Unknown command.
You eviscerate the meliai!!!
You kill the meliai!
Makhleb accepts your kill.
You feel better.
Your Unarmed Combat skill increases to level 14!
You regained 12 hp, and now have 23/107 hp. 50...
The basilisk misses you.
You miss the basilisk.
You're too confused to move!
The basilisk barely misses you.
The orb spider weaves a glowing orb of energy.
An orb of destruction comes into view.
The basilisk gazes at you. You resist with some effort.
You're too confused to move!
The orb of destruction hits you!!!
You die...

.........# #.<.# #..........⌠#
.........###...###.......[..⌠#
............###.............##
#∩........8.# #.8........∩###
##∩___.....s###......___∩##
######.8..°......8.######
#⌠....°......⌠#
###....○○...### #....l.○@_#
#_......._# #_........#
#∩.......∩# ##∩.....∩##
##.....## ##⌠⌠⌠## #####


You could see an orb spider shaped shifter and a basilisk.

Vanquished Creatures
  the Lernaean hydra (D)
  A sixfirhy (D)
  A lindwurm (shapeshifter) (D)
  An orange demon (D)
  2 yaktaurs (shapeshifter) (D)
  An ice devil (D)
  A hellwing (D)
  A red devil (D)
  A meliai (shapeshifter) (D)
  A blink frog (D)
  2 chaos spawn (D)
  Purgy (D)
  A porcupine (D)
  2 necrophages (D)
  4 wolves (D)
  7 vampire bats (D)
  A wight (D)
  2 river rats (D)
  2 jackals (D)
  A quokka (D)
  A ball python skeleton (D)
  A leopard gecko zombie (D)
  A rat (D)
37 creatures vanquished.

Notes
Turn   | Place    | Note
-------+----------+-------------------------------------------
     0 | D        | Redear the Ghoul Fighter began the quest for the Orb.
     0 | D        | Reached XP level 1. HP: 19/19 MP: 0/0
     5 | D        | Round 1.
     6 | D        | Found a viscous altar of Jiyva.
     6 | D        | Found a roughly hewn altar of Beogh.
     7 | D        | Found a hide-covered altar of Uskayaw.
     7 | D        | Found an iron altar of Okawaru.
     8 | D        | Found a corrupted altar of Lugonu.
     9 | D        | Found a glowing golden altar of the Shining One.
     9 | D        | Found a basalt altar of Yredelemnul.
     9 | D        | Found Sisuruq's Staff Store.
     9 | D        | Found Pungopt's Magic Scroll Shop.
    10 | D        | Found a glowing silver altar of Zin.
    10 | D        | Found Oneesakh's Must-Have Magic.
    10 | D        | Found Feli's Magic Scroll Shop.
    14 | D        | Found a burning altar of Makhleb.
    15 | D        | Found a radiant altar of Vehumet.
    15 | D        | Noticed a porcupine
    16 | D        | Found a deep blue altar of Sif Muna.
    17 | D        | Found Qicuxeah's Delicious Food.
    21 | D        | Killed a porcupine
    21 | D        | Reached skill level 5 in Fighting
    21 | D        | Reached skill level 4 in Armour
    21 | D        | Reached skill level 3 in Dodging
    21 | D        | Reached skill level 4 in Shields
    21 | D        | Reached skill level 4 in Unarmed Combat
    21 | D        | Reached XP level 2. HP: 12/28 MP: 1/1
    21 | D        | Reached XP level 3. HP: 15/35 MP: 2/2
    21 | D        | Reached XP level 4. HP: 17/41 MP: 3/3
    22 | D        | Found Zoeppub's Jewellery.
    22 | D        | Found Caugesu's Advanced Armour.
    27 | D        | Found a shadowy altar of Dithmenos.
    27 | D        | Found a snail-covered altar of Cheibriados.
    27 | D        | Found a sacrificial altar of Ru.
    27 | D        | Found Jyatt's Identification Station.
    32 | D        | Found a stormy altar of Qazlal.
    33 | D        | Found a bloodstained altar of Trog.
    34 | D        | Found a shimmering altar of Xom.
    34 | D        | Found an ornate altar of the Wu Jian Council.
    34 | D        | Found Ubaofaba's Premium Goods.
    34 | D        | Found Yqoro's Weapon Rack.
    35 | D        | Found Boug's Miscellaneous Merchandise.
    35 | D        | Found Pilenur's Basic Armour.
    43 | D        | Found an ancient bone altar of Kikubaaqudgha.
    44 | D        | Found an opulent altar of Gozag.
    53 | D        | Found a blossoming altar of Fedhas.
    54 | D        | Found Boamibb's Do-It-Yourself Clinic.
    54 | D        | Found Agumul Toul's Distillery.
    55 | D        | Found Xunahen's Bottled Wisdom.
    55 | D        | Found Cemnianiat's Distillery.
    72 | D        | Noticed Purgy
    87 | D        | Killed Purgy
    87 | D        | Reached skill level 6 in Fighting
    87 | D        | Reached skill level 5 in Armour
    87 | D        | Reached skill level 4 in Dodging
    87 | D        | Reached skill level 5 in Shields
    87 | D        | Reached skill level 6 in Unarmed Combat
    87 | D        | Reached XP level 5. HP: 25/51 MP: 4/4
   110 | D        | Arena points: 14 (+14) [x2]
   124 | D        | Bought a steaming garnet amulet for 45 gold pieces
   124 | D        | Bought a brightly glowing amber ring for 45 gold pieces
   124 | D        | Bought an ancient silver ring for 45 gold pieces
   124 | D        | Identified the amulet "Ybishro" {Inacc rN++ Dex-2} (You
                  | bought it in a shop in the Dungeon)
   125 | D        | Identified the ring "Lavylaxe" {rElec rPois rC- rN+ Int+6}
                  | (You bought it in a shop in the Dungeon)
   126 | D        | Identified the ring of Youthful Indiscretion {Ice rN++
                  | Str+8 Dex-4} (You bought it in a shop in the Dungeon)
   131 | D        | Became a worshipper of Makhleb the Destroyer
   149 | D        | Bought a pitted steel ring for 45 gold pieces
   149 | D        | Identified the ring "Xyraxten" {rElec rPois rC+ Dex+3
                  | Stlth+} (You bought it in a shop in the Dungeon)
   182 | D        | Round 2.
   192 | D        | Reached XP level 6. HP: 46/58 MP: 5/5
   195 | D        | Noticed a necrophage
   209 | D        | Killed a necrophage
   209 | D        | Reached skill level 7 in Fighting
   209 | D        | Reached skill level 6 in Armour
   209 | D        | Reached skill level 5 in Dodging
   209 | D        | Reached skill level 6 in Shields
   217 | D        | Noticed a necrophage
   229 | D        | Reached * piety under Makhleb
   237 | D        | Killed a necrophage
   237 | D        | Reached skill level 7 in Unarmed Combat
   249 | D        | Arena points: 50 (+36) [x3]
   290 | D        | Round 3.
   294 | D        | Reached ** piety under Makhleb
   434 | D        | Reached skill level 8 in Fighting
   434 | D        | Reached XP level 7. HP: 27/68 MP: 6/6
   437 | D        | Reached skill level 6 in Dodging
   444 | D        | Reached *** piety under Makhleb
   444 | D        | Reached skill level 7 in Armour
   444 | D        | Reached skill level 7 in Shields
   444 | D        | Reached skill level 8 in Unarmed Combat
   453 | D        | Arena points: 134 (+84) [x4]
   501 | D        | Round 4.
   514 | D        | Reached skill level 9 in Fighting
   516 | D        | Reached **** piety under Makhleb
   516 | D        | Reached XP level 8. HP: 68/78 MP: 7/7
   521 | D        | Reached skill level 7 in Dodging
   544 | D        | Arena points: 294 (+160) [x5]
   566 | D        | Bought a distressingly furry shield for 332 gold pieces
   572 | D        | Identified the cursed +0 shield "Lyack" {*Drain rCorr
                  | Str+5} (You bought it in a shop in the Dungeon)
   577 | D        | Bought a heavily runed platinum ring for 45 gold pieces
   579 | D        | Identified the ring "Yrasam" {*Drain +Inv rF- Str+9 Dex+3}
                  | (You bought it in a shop in the Dungeon)
   583 | D        | Round 5.
   591 | D        | Noticed a blink frog
   592 | D        | Noticed the 27-headed Lernaean hydra
   604 | D        | Killed a blink frog
   604 | D        | Reached ***** piety under Makhleb
   604 | D        | Reached skill level 8 in Armour
   604 | D        | Reached skill level 9 in Unarmed Combat
   638 | D        | Killed the 27-headed Lernaean hydra
   638 | D        | Arena points: 574 (+280) [x7]
   638 | D        | Reached skill level 12 in Fighting
   638 | D        | Reached skill level 10 in Armour
   638 | D        | Reached skill level 9 in Dodging
   638 | D        | Reached skill level 10 in Shields
   638 | D        | Reached skill level 11 in Unarmed Combat
   638 | D        | Reached XP level 9. HP: 90/90 MP: 8/8
   638 | D        | Reached XP level 10. HP: 97/97 MP: 9/9
   641 | D        | Got a decaying rune of Zot
   825 | D        | Round 6.
   829 | D        | Noticed an orange demon
   833 | D        | Noticed a sixfirhy
   844 | D        | Reached skill level 13 in Unarmed Combat
   844 | D        | Reached XP level 11. HP: 52/104 MP: 10/10
   857 | D        | Killed a sixfirhy
   857 | D        | Reached skill level 10 in Dodging
   894 | D        | Arena points: 958 (+384) [x8]
   909 | D        | Bought a dazzling cloak for 332 gold pieces
   918 | D        | Identified the -3 cloak "Vucs" {rC+ rN+ Str+3 Stlth-} (You
                  | bought it in a shop in the Dungeon)
   924 | D        | Round 7.
   939 | D        | Bought 3 potions of heal wounds for 105 gold pieces
   939 | D        | Bought 3 potions of heal wounds for 105 gold pieces
   943 | D        | Reached skill level 11 in Armour
   943 | D        | Reached skill level 11 in Shields
   956 | D        | Noticed a harpy
   956 | D        | a shapeshifter changed into a harpy
   957 | D        | a harpy changed into a komodo dragon
   963 | D        | Reached ****** piety under Makhleb
   964 | D        | Noticed a lindwurm
   964 | D        | a komodo dragon changed into a lindwurm
   966 | D        | Killed a lindwurm
   966 | D        | Reached skill level 13 in Fighting
  1041 | D        | Noticed an orb spider
  1041 | D        | a golden eye changed into an orb spider
  1048 | D        | Reached skill level 14 in Unarmed Combat
  1056 | D        | Blown up by an orb spider (shapeshifter)

Levels and vault maps discovered:
D:        arena_sprint

Skill      XL: |  1  2  3  4  5  6  7  8  9 10 11 |
---------------+----------------------------------+-----
Fighting       | 5 6 8 9 12 13 | 13.1
Armour         | 4 5 6 7 10 11 | 11.2
Dodging        | 3 4 5 6 9 10 | 10.9
Shields        | 4 5 6 7 10 11 | 11.2
Unarmed Combat | 4 6 7 8 11 13 14 | 14.0

Action                   |  1- 3 |  4- 6 |  7- 9 | 10-12 || total
-------------------------+-------+-------+-------+-------++-------
Melee: Unarmed           |     3 |    90 |    43 |    70 ||   206
       Punch             |       |     2 |     1 |       ||     3
Evoke: Wand              |       |     1 |     8 |     1 ||    10
  Use: Potion            |       |     3 |     1 |    11 ||    15
       Scroll            |       |       |     1 |     1 ||     2
  Eat: Chunk             |       |    10 |     8 |     3 ||    21
Armor: Scale mail        |       |    26 |    28 |    17 ||    71
Dodge: Dodged            |     2 |    74 |    46 |    37 ||   159
Block: Shield            |       |       |     1 |    38 ||    39

Table legend:
 A = Non-vault XP
 B = Vault XP
 C = Vault XP percentage of total XP
 D = Non-vault monster count
 E = Vault monster count
 F = Vault count percentage of total count
                 A         B        C        D         E       F
            +---------+---------+-------+---------+---------+-------
      Total |   10495 |       0 |   0.0 |      37 |       0 |   0.0
            +---------+---------+-------+---------+---------+-------
          D |   10495 |       0 |   0.0 |      37 |       0 |   0.0
            +---------+---------+-------+---------+---------+-------
